 Dungeon Crawl Stone Soup version 0.29-a0-241-g20d21d4356 (webtiles) character file.

Game seed: 3673821765617417299

394 Ordine the Slasher (level 6, 0/38 HPs)
             Began as a Tengu Warper on Mar 4, 2022.
             Succumbed to a scorpion's poison
             ... on level 6 of the Dungeon.
             The game lasted 00:09:12 (4298 turns).

Ordine the Slasher (Tengu Warper)                   Turns: 4298, Time: 00:09:13

Health: 0/38       AC:  8    Str: 12    XL:     6   Next: 81%
Magic:  10/10      EV: 14    Int: 13    God:
Gold:   27         SH:  0    Dex: 15    Spells: 9/9 levels left

rFire   . . .      SeeInvis .   a - +0 falchion
rCold   . . .      Faith    .   (no shield)
rNeg    . . .      Spirit   .   b - +0 leather armour
rPois   .          Reflect  .   (helmet restricted)
rElec   .          Harm     .   h - +0 cloak
rCorr   .          Rampage  .   (no gloves)
Will    .....                   (boots unavailable)
Stlth   +.........              (no amulet)
HPRegen 0.12/turn               f - +4 ring of protection
MPRegen 0.12/turn               (no ring)

@: lethally poisoned (0 -> -8), weak-willed, flying quickly and evasively, quick
A: beak, talons 3, nimble flight
a: no special abilities


You were on level 6 of the Dungeon.
You visited 1 branch of the dungeon, and saw 6 of its levels.

You collected 147 gold pieces.
You spent 120 gold pieces at shops.

Inventory:

Hand Weapons
 a - a +0 falchion (weapon)
Missiles
 d - 5 boomerangs of dispersal
 i - 6 poisoned darts
 l - 5 boomerangs
Armour
 b - a +0 leather armour (worn)
 h - a +0 cloak (worn)
Jewellery
 f - a +4 ring of protection (left hand)
Wands
 k - a wand of digging (7)
Scrolls
 c - a scroll of blinking
 e - a scroll of fog
 g - a scroll of vulnerability
 j - a scroll of enchant armour
 m - 3 scrolls of teleportation
 p - 2 scrolls of magic mapping


   Skills:
 + Level 3.8 Fighting
 * Level 5.6 Long Blades
 + Level 3.3 Throwing
 - Level 1.1 Armour
 - Level 2.1 Dodging
 - Level 2.0 Spellcasting
 - Level 2.4 Translocations


You had 9 spell levels left.
You didn't know any spells.
Your spell library contained the following spells:

 Spells                   Type           Power      Damage    Failure   Level
 Blink                    Tloc           14%        N/A       19%         2
 Magic Dart               Conj           4%         1d3       32%         1
 Gell's Gravitas          Tloc           7%         N/A       36%         3
 Lesser Beckoning         Tloc           7%         N/A       36%         3
 Teleport Other           Tloc           7%         N/A       36%         3
 Call Imp                 Summ           1%         N/A       43%         2
 Corpse Rot               Necr/Air       2%         N/A       43%         2
 Poisonous Vapours        Pois/Air       2%         N/A       43%         2
 Mephitic Cloud           Conj/Pois/Air  1%         N/A       67%         3
 Manifold Assault         Tloc           7%         N/A       98%         5


Dungeon Overview and Level Annotations

Branches:
Dungeon (7/15)
 Temple: D:4-7

Altars:

Shops:
D:1 *   D:3 ![***


Innate Abilities, Weirdness & Mutations

You have a beak for a mouth.
You have claws for feet.
Your magical nature lets you fly swiftly and evasively.


Message History

You hit the scorpion.
The scorpion is lightly wounded.
You feel sick. The scorpion closely misses you. The scorpion barely misses you.
You closely miss the scorpion. You claw the scorpion.
Your peck misses the scorpion.
The scorpion is heavily wounded.
You feel sick. The scorpion stings you.
You are more poisoned.
The scorpion poisons you!
You hit the scorpion but do no damage. You peck the scorpion.
The scorpion is heavily wounded.
You feel very sick. The scorpion barely misses you.
You hit the scorpion. Your peck misses the scorpion.
The scorpion is severely wounded.
You feel very sick. The scorpion stings you.
You are lethally poisoned!
The scorpion poisons you!
You are too injured to fight recklessly!
You are too injured to fight recklessly!
You are too injured to fight recklessly!
You hit the scorpion. You claw the scorpion.
You kill the scorpion!
* * * LOW HITPOINT WARNING * * *
You feel very sick.
It was a potion of flight.
You feel more buoyant.
* * * LOW HITPOINT WARNING * * *
You feel very sick.
As you read the scroll of magic mapping, it crumbles to dust.
You feel aware of your surroundings.
You sensed 1 altar.
* * * LOW HITPOINT WARNING * * *
You feel very sick.
Really read the scroll of vulnerability?
You can't even see any enemies this would affect.
As you read the scroll of vulnerability, it crumbles to dust.
Magic quickly surges around you.
* * * LOW HITPOINT WARNING * * *
You feel very sick.
You die...

******,,,,*, *,,,,,,*****
*,****,,,,*, *,* ****,*, *,* *,*,
*,* *,,, #######.# **,* #..†....#
*,* ###@####### *,* #.....#
****,* ####.#.#.####*****,,,,,
###########.............<,,,,,,**
............##.#.#...###****,,,**
########....##...[.### **,***
#.#.#####.###*** **,,,** #.#.#
#...,,,* *,,,,,, #.#.# #####*,*
*,,,,,,


There were no monsters in sight!

Vanquished Creatures
  A phantom (D:4)
  2 scorpions
  A hound (D:4)
  A jelly (D:2)
  Terence (D:3)
  3 gnolls (D:2)
  3 adders
  A worm (D:3)
  2 dart slugs
  An orc (D:3)
  7 endoplasms
  A giant cockroach (D:4)
  5 goblins
  6 hobgoblins
  2 jackals (D:3)
  2 kobolds (D:2)
  4 quokkas
  6 ball pythons
  A bat (D:3)
  8 rats
58 creatures vanquished.

Vanquished Creatures (others)
  A plant (D:1)
1 creature vanquished.

Grand Total: 59 creatures vanquished

Notes
Turn   | Place    | Note
-------+----------+-------------------------------------------
     0 | D:1      | Ordine the Tengu Warper began the quest for the Orb.
     0 | D:1      | Reached XP level 1. HP: 12/12 MP: 4/4
    92 | D:1      | Found a faded altar of an unknown god.
   433 | D:1      | Reached XP level 2. HP: 17/17 MP: 6/6
   453 | D:1      | Found Woczaak's Assorted Antiques.
   986 | D:2      | Reached skill level 3 in Long Blades
  1277 | D:2      | Reached XP level 3. HP: 22/22 MP: 7/7
  1940 | D:2      | Reached XP level 4. HP: 10/27 MP: 8/8
  1943 | D:2      | HP: 1/27 [goblin/+0 club (4)]
  2604 | D:3      | Reached skill level 4 in Long Blades
  2683 | D:3      | Found Roena's General Store.
  2686 | D:3      | Bought a scroll of teleportation for 42 gold pieces
  2702 | D:3      | Found Someme's Assorted Antiques.
  2738 | D:3      | Found Faecidic's Distillery.
  2746 | D:3      | Gained mutation: Your magical nature lets you fly swiftly
                  | and evasively. [Tengu growth]
  2746 | D:3      | Reached XP level 5. HP: 21/32 MP: 9/9
  2876 | D:3      | Bought a potion of curing for 39 gold pieces
  2882 | D:3      | Noticed Terence
  2897 | D:3      | Killed Terence
  3123 | D:3      | Found Zekkudof's Antique Armour Shoppe.
  3304 | D:3      | Found Aludots's General Store.
  3312 | D:3      | Bought 4 poisoned darts for 17 gold pieces
  3312 | D:3      | Bought a scroll of identify for 22 gold pieces
  3521 | D:4      | Reached XP level 6. HP: 28/37 MP: 10/10
  3714 | D:4      | Reached skill level 5 in Long Blades
  4236 | D:4      | You are sucked into a shaft and drop 3 floors!
  4297 | D:6      | HP: 1/38 [poisoned by a scorpion]
  4298 | D:6      | Succumbed to a scorpion's poison

Illustrated notes

Levels and vault maps discovered:
D:1:      elethiomel_arrival_infinity_welcomes_careful_drivers, layout_rooms,
          shapermc_ecumenical_altar_mp_urbaneastern, serial_shops,
          nicolae_shop_hallway_plus
D:2:      layout_basic
D:3:      layout_rooms, serial_shops, shop, nicolae_shop_hallway_stairs,
          nicolae_shop_behind_doors, nicolae_shop_stone, shop,
          hangedman_decor_growths, uniq_terence
D:4:      layout_loops_ring, nemelex_xobeh_ov_fountains_minmay
D:6:      layout_loops_ring, ashenzari_altar_1, kennysheep_pointless_box
D:7:      layout_layer_cave, bloody_makhleb, kennysheep_slug_shrine,
          minmay_temple_entry_slanted, uniq_maggie

Skill      XL: |  1  2  3  4  5  6 |
---------------+-------------------+-----
Long Blades    | 3 4 5 |  5.6
Throwing       | 2 3 |  3.3
Fighting       | 3 |  3.8
Armour         | |  1.1
Dodging        | |  2.1
Spellcasting   | |  2.0
Translocations | |  2.4

Action                   |  1- 3 |  4- 6 || total
-------------------------+-------+-------++-------
Melee: Falchion          |    76 |    94 ||   170
       Kick              |    11 |    25 ||    36
       Peck              |    11 |    18 ||    29
       Punch             |     1 |     1 ||     2
Throw: Boomerang         |       |     2 ||     2
  Use: Scroll            |       |     7 ||     7
       Potion            |       |     3 ||     3
 Stab: Sleeping          |     2 |       ||     2
Armor: Leather armour    |    14 |     8 ||    22
Dodge: Dodged            |    45 |    71 ||   116

Table legend: (Time is in decaauts)
 A = Elapsed time spent in this place.
 B = Non-inter-level travel time spent in this place.
 C = Inter-level travel time spent in this place.
 D = Time resting spent in this place.
 E = Time spent auto-exploring this place.
 F = Levels seen in this place.
 G = Mean time per level.
                   A        B        C        D        E       F      G
               +--------+--------+--------+--------+--------+-----+--------+
         Total |   4244 |   4100 |    144 |    408 |   3111 |   6 |  707.3 |
       Dungeon |   4244 |   4100 |    144 |    408 |   3111 |   6 |  707.3 |
               +--------+--------+--------+--------+--------+-----+--------+

Top non-repeatable levels by time:
     D:2: 1565 daAuts
     D:3: 1171 daAuts
     D:1: 853 daAuts
     D:4: 596 daAuts
     D:6: 54 daAuts
     D:7: 4 daAuts
